 Dungeon Crawl Stone Soup version 0.32-a0-597-g8e3e136d6a (webtiles) character file.

Game seed: 420493468896217141

22 Sobieck the Sneak (level 2, 0/13 HPs)
             Began as a Spriggan Earth Elementalist on Mar 2, 2024.
             Slain by a cerulean imp
             ... wielding a +1 spear
             ... summoned by Natasha
              (3 damage)
             ... on level 1 of the Dungeon.
             The game lasted 00:01:53 (935 turns).

Sobieck the Sneak (Spriggan Earth Elementalist)      Turns: 935, Time: 00:01:53

Health: 0/13       AC:  2    Str:  4    XL:     2   Next: 68%
Magic:  0/6        EV: 17    Int: 16    God:
Gold:   68         SH:  0    Dex: 15    Spells: 5/6 levels left

rFire   . . .        d - +1 dagger (holy)
rCold   . . .        (no shield)
rNeg    . . .        a - +0 robe
rPois   .            (helmet restricted)
rElec   .            (no cloak)
rCorr   .            (gloves unavailable)
SInv    +            (boots unavailable)
Will    .....        (no amulet)
Stlth   ++           (no ring)
HPRegen 0.22/turn    (no ring)
MPRegen 0.10/turn

%: no passive effects
@: very quick
A: very small, no large weapons, unfitting armour, see invisible, speed 3
a: no special abilities


You were on level 1 of the Dungeon.
You visited 1 branch of the dungeon, and saw 2 of its levels.

You collected 68 gold pieces.

Inventory:

Hand Weapons
 d - a +1 dagger of holy wrath (weapon)
Missiles
 j - 19 stones
 k - 6 poisoned darts
Armour
 a - a +0 robe (worn)
Scrolls
 e - a scroll of fog {unknown}
 f - a scroll of fear {unknown}
 g - 3 scrolls of identify {unknown}
Potions
 b - a potion of magic
 c - a potion of mutation {unknown}
 h - a potion of invisibility {unknown}


   Skills:
 + Level 0.9 Short Blades
 + Level 3.1 Dodging
 + Level 3.3 Stealth
 + Level 2.9 Spellcasting
 - Level 0.6 Conjurations
 * Level 3.0 Earth Magic
 + Level 0.5 Alchemy


You had 5 spell levels left.
You knew the following spells:

 Your Spells              Type           Power      Damage    Failure   Level
a - Sandblast             Erth           24%        2d8       5%          1

Your spell library contained the following spells:

 Spells                   Type           Power      Damage    Failure   Level
 Passwall                 Erth           12%        N/A       16%         3
 Freeze                   Ice            8%         1d3       19%         1
 Stone Arrow              Conj/Erth      16%        3d8       26%         3
 Hailstorm                Conj/Ice       3%         3d5       45%         3
 Frozen Ramparts          Ice            4%         1d1       50%         3
 Brom's Barrelling Bould  Conj/Erth      8%         2d3       65%         4
 Petrify                  Alch/Erth      8%         N/A       65%         4


Dungeon Overview and Level Annotations

Branches:
Dungeon (2/15)

Altars:

Annotations:
D:1 Natasha


Innate Abilities, Weirdness & Mutations

You are very small and have problems with some larger weapons.
You are too small for most types of armour.
You have supernaturally acute eyesight. (SInv)
You cover ground extremely quickly. (Speed+++)


Message History

Confirm with . or Enter, or press ? or * to list all spells.
Aiming: Sandblast (safe; 5% risk of failure)
Press: ? - help, Shift-Dir - straight line, f/p - Natasha
Aim: Natasha (moderately wounded, 77% to hit)
The blast of sand hits Natasha.
Natasha is moderately wounded.
Natasha howls an incantation.
Natasha shimmers violently.
Natasha closely misses you. The cerulean imp completely misses you.
Casting: Sandblast (safe; 5% risk of failure)
Confirm with . or Enter, or press ? or * to list all spells.
Aiming: Sandblast (safe; 5% risk of failure)
Press: ? - help, Shift-Dir - straight line, f/p - Natasha
Aim: Natasha (moderately wounded, 77% to hit)
The blast of sand hits Natasha but does no damage.
Natasha is moderately wounded.
The cerulean imp barely misses you. x2; Natasha closely misses you.
The cerulean imp barely misses you. x2; Natasha barely misses you.
Casting: Sandblast (safe; 5% risk of failure)
Confirm with . or Enter, or press ? or * to list all spells.
Aiming: Sandblast (safe; 5% risk of failure)
Press: ? - help, Shift-Dir - straight line, f/p - Natasha
Aim: Natasha (moderately wounded, 77% to hit)
The blast of sand hits Natasha.
Natasha is severely wounded.
The cerulean imp closely misses you. x2; Natasha misses you.
Casting: Sandblast (safe; 5% risk of failure)
Confirm with . or Enter, or press ? or * to list all spells.
Aiming: Sandblast (safe; 5% risk of failure)
Press: ? - help, Shift-Dir - straight line, f/p - Natasha
Aim: Natasha (severely wounded, 77% to hit)
The blast of sand hits Natasha but does no damage.
Natasha is severely wounded.
The cerulean imp hits you from afar with a +0 spear.
* * * LOW HITPOINT WARNING * * *
The cerulean imp misses you. Natasha barely misses you.
The cerulean imp closely misses you. The cerulean imp barely misses you.
Natasha mumbles some strange words.
Casting: Sandblast (safe; 5% risk of failure)
Confirm with . or Enter, or press ? or * to list all spells.
Aiming: Sandblast (safe; 5% risk of failure)
Press: ? - help, Shift-Dir - straight line, f/p - Natasha
Aim: Natasha (severely wounded, 77% to hit)
The blast of sand hits Natasha but does no damage.
Natasha is severely wounded.
The cerulean imp hits you from afar with a +0 spear.
* * * LOW HITPOINT WARNING * * *
Natasha misses you.
The cerulean imp hits you from afar with a +1 spear.
You die...

##########.............#
#.......##.####.######)#
#.#####.##.# ### #..
#.##.......# ##.
#.##.##.#### ###.
#.##....5# #...
#.....55## ####### #...
#######h# #.....# #...
#@# #.....# ###. ##.#
##.....## #... ##..#
#.......# #..#
##.#.###.......# #..#
#.###.##.##.#..# #..#
##.#.###.##.#..# #..#
##.## #.##.#..###.†. #.#
#........##### #.#
#.............


You could see Natasha and 3 cerulean imps.

Vanquished Creatures
  4 endoplasms (D:1)
  A giant cockroach (D:1)
  5 goblins (D:1)
  A hobgoblin (D:1)
  A ball python (D:1)
  4 bats (D:1)
  A frilled lizard (D:1)
  A kobold (D:1)
  4 rats (D:1)
22 creatures vanquished.

Notes
Turn   | Place    | Note
-------+----------+-------------------------------------------
     0 | D:1      | Sobieck the Spriggan Earth Elementalist began the quest for
                  | the Orb.
     0 | D:1      | Reached XP level 1. HP: 9/9 MP: 5/5
   219 | D:1      | Reached XP level 2. HP: 13/13 MP: 2/6
   350 | D:1      | Reached skill level 3 in Dodging
   667 | D:1      | Reached skill level 3 in Earth Magic
   921 | D:2      | Noticed Natasha
   935 | D:1      | Slain by a cerulean imp

Illustrated notes

Levels and vault maps discovered:
D:1:      minmay_arrival_hallway, layout_loops_cross
D:2:      layout_rooms, wad_orctagon, uniq_natasha

Skill      XL: |  1  2 |
---------------+-------+-----
Dodging        | 3 |  3.1
Earth Magic    | 3 |  3.0
Short Blades   | |  0.9
Stealth        | |  3.3
Spellcasting   | |  2.9
Conjurations   | |  0.6
Alchemy        | |  0.5

Action                     || total
---------------------------++-------
  Melee: Dagger            ||     6
   Cast: Sandblast         ||    29
   Stab: Sleeping          ||     1
 Armour: Robe              ||    10
  Dodge: Dodged            ||    22

Table legend: (Time is in decaauts)
 A = Elapsed time spent in this place.
 B = Non-inter-level travel time spent in this place.
 C = Inter-level travel time spent in this place.
 D = Time resting spent in this place.
 E = Time spent auto-exploring this place.
 F = Levels seen in this place.
 G = Mean time per level.
                   A        B        C        D        E       F      G
               +--------+--------+--------+--------+--------+-----+--------+
         Total |    696 |    689 |      7 |      0 |    585 |   2 |  348.0 |
       Dungeon |    696 |    689 |      7 |      0 |    585 |   2 |  348.0 |
               +--------+--------+--------+--------+--------+-----+--------+

Top non-repeatable levels by time:
     D:1: 691 daAuts
     D:2: 5 daAuts
